 Dungeon Crawl Stone Soup version 0.28-a0-1429-gf3d713df7a (webtiles) character file.

Game seed: 18017393667818583145

312 HallandMoats the Skirmisher (level 6, -3/52 HPs)
             Began as a Ghoul Fighter on Jan 9, 2022.
             Was an Initiate of Cheibriados.
             Killed from afar by Dowan (10 damage)
             ... with a stone arrow
             ... on level 5 of the Dungeon.
             The game lasted 00:04:07 (3769 turns).

HallandMoats the Skirmisher (Ghoul Fighter)         Turns: 3769, Time: 00:04:08

Health: -3/52      AC: 13    Str: 18 (21) XL:     6   Next: 42%
Magic:  5/5        EV:  7    Int:  5 (6)  God:    Cheibriados [......]
Gold:   219        SH:  4    Dex: 11 (15) Spells: 5/5 levels left

rFire   . . .      SeeInvis .   b - +0 short sword (venom)
rCold   + . .      Faith    .   c - +0 buckler
rNeg    + + +      Spirit   .   w - +4 chain mail of Foolhardiness {Will+ Slay+2}
rPois   ∞          Reflect  .   (no helmet)
rElec   .          Harm     .   (no cloak)
rCorr   .          Rampage  .   (no gloves)
Will    +....                   (no boots)
Stlth   ..........              (no amulet)
HPRegen 0.00/turn               i - +6 ring of dexterity
MPRegen 0.09/turn               (no ring)

@: inhibited regen, very slow
A: claws 1, cold resistance 1, negative energy resistance 3, inhibited
regeneration, torment resistance 2
a: Renounce Religion


You were on level 5 of the Dungeon.
You worshipped Cheibriados.
Cheibriados was noncommittal.
You visited 1 branch of the dungeon, and saw 5 of its levels.

You collected 219 gold pieces.

Inventory:

Hand Weapons
 a - a +0 flail
 b - a +0 short sword of venom (weapon)
Armour
 c - a +0 buckler (worn)
 w - the +4 chain mail of Foolhardiness (worn) {Will+ Slay+2}
   (You found it on level 4 of the Dungeon)

   Slay:      It affects your accuracy & damage with ranged weapons and melee
   (+2).
   Will:      It increases your willpower.
Jewellery
 i - a +6 ring of dexterity (left claw)
 k - an amulet of the acrobat
Wands
 f - a wand of digging (1)
Scrolls
 e - 3 scrolls of noise {unknown}
 h - 2 scrolls of holy word {unknown}
 j - 7 scrolls of identify {unknown}
 n - a scroll of enchant weapon {unknown}
 q - a scroll of magic mapping {unknown}
 r - a scroll of fear {unknown}
 t - a scroll of enchant armour {unknown}
 u - a scroll of torment {unknown}
 v - 2 scrolls of fog {unknown}
Potions
 d - 2 potions of might
 g - a potion of heal wounds {unknown}
 o - a potion of attraction {unknown}
 p - a potion of lignification {unknown}
 s - 2 potions of haste {unknown}


   Skills:
 + Level 4.3 Fighting
 + Level 2.9 Maces & Flails
 + Level 3.5 Armour
 + Level 2.0 Dodging
 * Level 4.2 Shields


You had 5 spell levels left.
You didn't know any spells.
Your spell library was empty.

Dungeon Overview and Level Annotations

Branches:
Dungeon (5/15)
 Temple: D:4-7

Altars:
Cheibriados
Vehumet
Wu Jian
Yredelemnul

Annotations:
D:5 Dowan


Innate Abilities, Weirdness & Mutations

You thrive by killing the living.
You are immune to poison.
You have sharp fingernails.
Your flesh is cold resistant. (rC+)
You are immune to negative energy. (rN+++)
You do not regenerate when monsters are visible.
You are immune to unholy pain and torment.


Message History

Dowan blinks!
You hit Duvessa.
You kill Duvessa!
Cheibriados appreciates the change of pace.
You feel better.
Dowan screams, "No!
Oh no!"
Dowan seems to find hidden reserves of power!
Dowan hits you but does no damage. x2
You feel your intelligence returning.
You feel your dexterity returning.
Your Dodging skill increases to level 2!
Your Shields skill increases to level 4!
You have reached level 6!
You hit Dowan.
Dowan is poisoned.
Dowan is lightly wounded.
Dowan hits you but does no damage.
You hit Dowan.
Dowan looks as sick as possible!
Dowan is moderately wounded.
Dowan barely misses you.
Dowan mumbles some strange words.
Dowan blinks!
Dowan hits you but does no damage.
You see here a +0 vorpal trident.
You closely miss Dowan.
Dowan is heavily wounded.
Dowan hits you but does no damage. x2
You hit Dowan.
Dowan is severely wounded.
Dowan hits you but does no damage.
You closely miss Dowan.
Dowan is severely wounded.
Dowan gestures wildly while chanting.
Dowan blinks!
Dowan gestures wildly while chanting.
Dowan blinks!
You see here 18 stones.
You hit Dowan.
Dowan looks as sick as possible!
Dowan is almost dead.
Dowan points at you and mumbles some strange words.
The stone arrow hits you!
You die...

#.#....#
#######....#.##.#
#...#### #.........#
##.######### ####.######
#.#.......# #.#
#.#.#####.########.#
#.#........§..^.##.###..
#......##.#...#.##<.....
###†##.##.#.#e.).....#
#.........@.#.###..#
#.#####.#####.# #
#.#####.#####.#
#..........[..#
###############


You could see Dowan (fast, extremely poisoned).

Vanquished Creatures
  Duvessa (D:5)
  A hound (D:5)
  An iron imp (D:3)
  2 jellies (D:4)
  An adder (D:2)
  3 dart slugs
  A worm (D:3)
  4 orcs
  7 endoplasms
  3 giant cockroaches (D:1)
  4 hobgoblins
  2 jackals (D:2)
  6 kobolds
  2 quokkas
  8 ball pythons
  6 bats
  A frilled lizard (D:3)
  5 goblins
  4 rats
62 creatures vanquished.

Notes
Turn   | Place    | Note
-------+----------+-------------------------------------------
     0 | D:1      | HallandMoats the Ghoul Fighter began the quest for the Orb.
     0 | D:1      | Reached XP level 1. HP: 19/19 MP: 0/0
   108 | D:1      | Reached XP level 2. HP: 26/26 MP: 1/1
   715 | D:2      | Found a faded altar of an unknown god.
   726 | D:2      | Reached XP level 3. HP: 31/31 MP: 2/2
   734 | D:2      | Prayed at the altar of an unknown god.
   734 | D:2      | Became a worshipper of Vehumet
   734 | D:2      | Reached * piety under Vehumet
   734 | D:2      | Offered knowledge of Freeze by Vehumet.
  1383 | D:3      | Found a basalt altar of Yredelemnul.
  1513 | D:3      | Reached skill level 1 in Dodging
  1771 | D:3      | Reached XP level 4. HP: 40/40 MP: 3/3
  1851 | D:3      | Found a snail-covered altar of Cheibriados.
  1865 | D:3      | Offered knowledge of Static Discharge by Vehumet.
  1870 | D:3      | Fell from the grace of Vehumet
  1870 | D:3      | Became a worshipper of Cheibriados the Contemplative
  2734 | D:4      | Reached XP level 5. HP: 20/46 MP: 4/4
  3059 | D:4      | Identified the +4 chain mail of Foolhardiness {Will+
                  | Slay+2}
  3318 | D:4      | Found an ornate altar of the Wu Jian Council.
  3570 | D:5      | Entered Level 5 of the Dungeon
  3737 | D:5      | Noticed Dowan
  3738 | D:5      | Noticed Duvessa
  3761 | D:5      | Killed Duvessa
  3762 | D:5      | Reached XP level 6. HP: 6/52 MP: 5/5
  3769 | D:5      | Killed from afar by Dowan

Illustrated notes

Levels and vault maps discovered:
D:1:      lightli_arrival_statuegarden, layout_rooms, chequers_jeans
D:2:      layout_basic, hellmonk_ecumenical_altar_dog_temple,
          minmay_misc_feat_nine_boxes, chequers_serial_rivers_large_a
D:3:      kb_forest_paths, layout_basic, lemuel_round_altar, slow_altar_1
D:4:      nicolae_cairo_tiling_large_dashed, layout_cave_pools,
          nicolae_wu_jian_glorious_leap
D:5:      layout_loops_cross, gup_sewer_entry_bubbles, uniq_duvessa

Skill      XL: |  1  2  3  4  5 |
---------------+----------------+-----
Maces & Flails | 2 |  2.9
Shields        | 3 4 |  4.2
Armour         | 3 |  3.5
Dodging        | 1 2 |  2.0
Fighting       | 4 |  4.3

Action                   |  1- 3 |  4- 6 || total
-------------------------+-------+-------++-------
Melee: Flail             |    23 |       ||    23
       Short sword       |    92 |    92 ||   184
Evoke: Wand              |       |     1 ||     1
  Use: Potion            |       |     4 ||     4
Armor: Scale mail        |    41 |    23 ||    64
       Chain mail        |       |    24 ||    24
Dodge: Dodged            |    50 |    48 ||    98
Block: Buckler           |    24 |    17 ||    41

Table legend: (Time is in decaauts)
 A = Elapsed time spent in this place.
 B = Non-inter-level travel time spent in this place.
 C = Inter-level travel time spent in this place.
 D = Time resting spent in this place.
 E = Time spent auto-exploring this place.
 F = Levels seen in this place.
 G = Mean time per level.
                   A        B        C        D        E       F      G
               +--------+--------+--------+--------+--------+-----+--------+
         Total |   4205 |   3999 |    206 |      7 |   3402 |   5 |  841.0 |
       Dungeon |   4205 |   3999 |    206 |      7 |   3402 |   5 |  841.0 |
               +--------+--------+--------+--------+--------+-----+--------+

Top non-repeatable levels by time:
     D:3: 1434 daAuts
     D:4: 1128 daAuts
     D:2: 701 daAuts
     D:1: 699 daAuts
     D:5: 241 daAuts
